 Dungeon Crawl Stone Soup version 0.29.1-15-g9cfb28693d (webtiles) character file.

Game seed: 3406764724879829213

219 Heoruswealwe the Conjurer (level 5, -4/25 HPs)
             Began as a Deep Elf Conjurer on Mar 10, 2023.
             Was a Believer of Hepliaklqana.
             Slain by Pikel
             ... wielding a +1 whip of flaming
              (6 damage)
             ... on level 4 of the Dungeon on Mar 12, 2023.
             The game lasted 00:37:57 (2830 turns).

Heoruswealwe the Conjurer (Deep Elf Conjurer)       Turns: 2830, Time: 00:37:58

Health: -4/25      AC:  6    Str:  4    XL:     5   Next: 64%
Magic:  7/15       EV: 12    Int: 25    God:    Hepliaklqana [**....]
Gold:   95         SH:  0    Dex: 13    Spells: 13/16 levels left

rFire   . . .      SeeInvis .   t - +2 short sword (flame)
rCold   + . .      Faith    .   (no shield)
rNeg    . . .      Spirit   .   i - +0 robe
rPois   .          Reflect  .   (no helmet)
rElec   .          Harm     .   o - +2 cloak
rCorr   .          Rampage  .   q - +0 pair of gloves
Will    .....                   (no boots)
Stlth   ++........              (no amulet)
HPRegen 0.08/turn               j - ring of protection from cold
MPRegen 0.14/turn               (no ring)

@: no status effects
A: reduced essence
a: Renounce Religion, Recall Ancestor, Ancestor Identity


You were on level 4 of the Dungeon.
You worshipped Hepliaklqana.
Hepliaklqana was pleased with you.
You visited 1 branch of the dungeon, and saw 4 of its levels.

You collected 95 gold pieces.

Inventory:

Hand Weapons
 t - a +2 short sword of flaming (weapon)
Missiles
 u - a throwing net
Armour
 i - a +0 robe (worn)
 o - a +2 cloak (worn)
 q - a +0 pair of gloves (worn)
 v - a +0 robe
Jewellery
 j - a ring of protection from cold (left hand)
Scrolls
 e - 4 scrolls of teleportation {unknown}
 f - a scroll of summoning {unknown}
 g - a scroll of magic mapping {unknown}
 h - a scroll of blinking {unknown}
 k - 2 scrolls of immolation {unknown}
 l - a scroll of noise {unknown}
 n - a scroll of fear {unknown}
 p - 3 scrolls of identify {unknown}
 r - a scroll of fog {unknown}
 s - a scroll of enchant weapon {unknown}
Potions
 a - 3 potions of mutation {unknown}
 c - a potion of berserk rage {unknown}
 d - 5 potions of curing {unknown}
 m - a potion of cancellation {unknown}
 w - a potion of attraction {unknown}


   Skills:
 - Level 2.4 Dodging
 - Level 2.4 Stealth
 + Level 6.0 Spellcasting
 + Level 6.2 Conjurations


You had 13 spell levels left.
You knew the following spells:

 Your Spells              Type           Power      Damage    Failure   Level
a - Magic Dart            Conj           100%       1d8       1%          1
b - Searing Ray           Conj           76%        2d7       1%          2

Your spell library contained the following spells:

 Spells                   Type           Power      Damage    Failure   Level
 Conjure Flame            Conj/Fire      23%        6-21      6%          3
 Dazzling Flash           Conj/Hex       46%        N/A       6%          3
 Freeze                   Ice            28%        1d5       8%          1
 Fulminant Prism          Conj/Hex       11%        3d9       21%         4
 Hailstorm                Conj/Ice       23%        3d7       21%         4
 Iskenderun's Mystic Bla  Conj/Tloc      23%        2d6       21%         4
 Sticky Flame             Conj/Fire      23%        2d4       21%         4
 Frozen Ramparts          Ice            14%        1d3       22%         3
 Ignite Poison            Fire/Tmut/Pois 7%         N/A       22%         3
 Portal Projectile        Hex/Tloc       14%        N/A       22%         3
 Tukima's Dance           Hex            7%         N/A       22%         3
 Ice Form                 Ice/Tmut       7%         N/A       58%         4
 Summon Ice Beast         Ice/Summ       7%         N/A       58%         4
 Blade Hands              Tmut           3%         N/A       90%         5


Dungeon Overview and Level Annotations

Branches:
Dungeon (4/15)
 Temple: D:4-7

Altars:
Cheibriados
Hepliaklqana

Annotations:
D:4 Pikel


Message History

The searing ray hits the lemure!
The lemure is heavily wounded. (Press . to maintain the ray.)
The searing ray hits the lemure!
The lemure is almost dead.
Casting: Searing Ray (safe; 1% risk of failure)
Confirm with . or Enter, or press ? or * to list all spells.
Restarting spell: Searing Ray (safe; 1% risk of failure)
Press: ? - help, Shift-Dir - straight line, f - lemure, p - lemure
Aim: a lemure (moderately wounded, 76% to hit)
The searing ray hits Pikel!
Pikel is heavily wounded.
The searing ray hits the lemure!
The lemure is heavily wounded. (Press . to maintain the ray.)
The lemure hits you but does no damage.
Casting: Searing Ray (safe; 1% risk of failure)
Confirm with . or Enter, or press ? or * to list all spells.
Restarting spell: Searing Ray (safe; 1% risk of failure)
Press: ? - help, Shift-Dir - straight line, f - Pikel, p - lemure
Aim: Pikel, wielding a +1 whip of flaming and wearing a +0 robe (heavily wounded, 76% to hit)
The searing ray hits Pikel.
Pikel is severely wounded. (Press . to maintain the ray.) Zhah emerges from the mists of memory!
Pikel hits you with a +1 whip of flaming!
Pikel burns you. The lemure hits you but does no damage.
The lemure closely misses you.
The searing ray hits Pikel.
Pikel is severely wounded.
Pikel hits you with a +1 whip of flaming!
* * * LOW HITPOINT WARNING * * *
Pikel burns you.
* * * LOW HITPOINT WARNING * * *
Zhah barely misses Pikel.
The lemure hits you but does no damage. x2
The searing ray hits Pikel.
Pikel is almost dead.
The lemure hits you but does no damage.
Pikel hits you with a +1 whip of flaming.
You die...

..######..........##.#
## #..........##.#
##########.....>..##.###
#.....#................#
#.....'.........)......#
#_....'..8.............#
#.....'....#.....R.....#
#.....#....##..5K5.....#
###############.@......#
#........# #........#
####.##### ###


You could see the friendly Zhah the knight, Pikel (ally target) and 2 lemures.

Vanquished Creatures
  Crazy Yiuf (D:2)
  A mummy (D:4)
  A gnoll (D:2)
  3 adders
  6 dart slugs
  4 orcs
  7 bats
  4 endoplasms
  3 giant cockroaches
  5 goblins
  5 hobgoblins
  2 quokkas (D:1)
  5 ball pythons
  4 frilled lizards
  7 kobolds
  8 rats
66 creatures vanquished.

Vanquished Creatures (collateral kills)
  2 lemures (D:4)
  A jelly (D:4)
  2 gnolls (D:2)
  An ufetubus (D:4)
  2 orcs (D:4)
  A bat (D:1)
  A giant cockroach (D:2)
  A goblin (D:3)
11 creatures vanquished.

Vanquished Creatures (others)
  2 knights (D:4)
  An ancestor (D:2)
  8 plants (D:1)
11 creatures vanquished.

Grand Total: 88 creatures vanquished

Notes
Turn   | Place    | Note
-------+----------+-------------------------------------------
     0 | D:1      | Heoruswealwe the Deep Elf Conjurer began the quest for the
                  | Orb.
     0 | D:1      | Reached XP level 1. HP: 10/10 MP: 6/6
   143 | D:1      | Reached XP level 2. HP: 15/15 MP: 3/8
   151 | D:1      | Learned a level 2 spell: Searing Ray
   525 | D:1      | Found a faded altar of an unknown god.
   539 | D:1      | Prayed at the altar of an unknown god.
   539 | D:1      | Became a worshipper of Hepliaklqana the Forgotten
   539 | D:1      | Reached * piety under Hepliaklqana
   592 | D:1      | Reached skill level 5 in Conjurations
   592 | D:1      | Reached XP level 3. HP: 14/17 MP: 4/10
  1072 | D:2      | Found a runed translucent door.
  1073 | D:2      | Noticed Crazy Yiuf
  1082 | D:2      | Killed Crazy Yiuf
  1083 | D:2      | Reached XP level 4. HP: 21/21 MP: 5/12
  1343 | D:2      | Reached skill level 5 in Spellcasting
  1732 | D:3      | Reached ** piety under Hepliaklqana
  1733 | D:3      | Remembered your ancestor Zhah as a knight
  2279 | D:3      | Reached XP level 5. HP: 25/25 MP: 10/14
  2659 | D:4      | Found a snail-covered altar of Cheibriados.
  2765 | D:4      | Noticed a lemure
  2771 | D:4      | Killed a lemure
  2774 | D:4      | Noticed a lemure
  2774 | D:4      | Noticed a lemure
  2774 | D:4      | Noticed a lemure
  2787 | D:4      | Killed a lemure
  2790 | D:4      | Noticed Pikel
  2829 | D:4      | HP: 1/25 [Pikel/+1 whip of flaming (1)]
  2830 | D:4      | Slain by Pikel

Illustrated notes

Levels and vault maps discovered:
D:1:      matt_arrival_refuge, layout_basic, chequers_ecumenical_altar_lobes,
          minmay_split_cup_large
D:2:      layout_basic, uniq_crazy_yiuf_cottage
D:3:      layout_basic, st_stairs_9
D:4:      layout_rooms, nicolae_overflow_hidden_temple,
          nicolae_uskayaw_murder_on_the_dancefloor, slow_altar_2,
          portal_sewer_entry_b, uniq_pikel

Skill      XL: |  1  2  3  4  5 |
---------------+----------------+-----
Spellcasting   | 4 5 6 |  6.0
Conjurations   | 5 6 |  6.2
Dodging        | |  2.4
Stealth        | |  2.4

Action                   |  1- 3 |  4- 6 || total
-------------------------+-------+-------++-------
Melee: War axe           |    23 |       ||    23
       Punch             |     1 |       ||     1
 Cast: Magic Dart        |    70 |    80 ||   150
       Searing Ray       |     1 |     5 ||     6
Invok: Ancestor Identity |     1 |       ||     1
       Ancestor Life: Kn |       |     1 ||     1
  Use: Potion            |       |     1 ||     1
Armor: Robe              |     1 |     6 ||     7
Dodge: Dodged            |     7 |     7 ||    14
